 Dungeon Crawl Stone Soup version 0.22-a0-542-gce4f928 (webtiles) character file.

99 vishdafish the Skirmisher (level 4, 22/54 HPs)
             Began as a Demonspawn Berserker on June 24, 2018.
             Was a Believer of Trog.
             Quit the game on level 3 of the Dungeon.
             The game lasted 00:01:54 (1625 turns).

vishdafish the Skirmisher (Demonspawn Berserker)    Turns: 1625, Time: 00:01:55

Health: 22/54      AC: 12    Str: 22    XL:     4   Next: 45%
Magic:  4/4        EV: 11    Int: 10    God:    Trog [**....]
Gold:   72         SH:  0    Dex: 12    Spells: 3/3 levels left

rFire    . . .     SeeInvis .   a - +0 spear
rCold    . . .     Gourm    .   (no shield)
rNeg     . . .     Faith    .   h - +0 scale mail
rPois    .         Spirit   .   (no helmet)
rElec    .         Reflect  .   (no cloak)
rCorr    .         Harm     .   (no gloves)
MR       .....                  (no boots)
Stlth    ..........             (no amulet)
HPRegen  0.18/turn              (no ring)
MPRegen  0.09/turn              (no ring)

@: berserking, sanguine armour, very quick
A: hooves 1, sanguine armour 1
a: Berserk, Trog's Hand, Renounce Religion


You were on level 3 of the Dungeon.
You worshipped Trog.
Trog was pleased with you.
You were not hungry.

You visited 1 branch of the dungeon, and saw 3 of its levels.

You collected 72 gold pieces.

Inventory:

Hand Weapons
 a - a +0 spear (weapon)
Armour
 b - a +0 animal skin
 h - a +0 scale mail (worn)
Scrolls
 e - 4 scrolls of identify {unknown}
 f - 3 scrolls of teleportation {unknown}
 g - a scroll of noise {unknown}
 i - a scroll of fog {unknown}
 j - a scroll of remove curse {unknown}
 k - a scroll of magic mapping {unknown}
Potions
 d - a potion of haste {unknown}
 l - a potion of curing {unknown}
Comestibles
 c - 4 rations


   Skills:
 + Level 3.6 Fighting
 + Level 3.3 Polearms
 + Level 2.5 Armour
 + Level 2.5 Dodging
 - Level 0.6 Stealth


You had 3 spell levels left.
You didn't know any spells.
Your spell library was empty.

Dungeon Overview and Level Annotations

Branches:
Dungeon (3/15)

Altars:


Innate Abilities, Weirdness & Mutations

You have large cloven feet.
When seriously injured, your bleeding wounds create armour. (AC +6)


Message History

You kill the orc!
Trog accepts your kill. The bat hits you but does no damage.
The hound skeleton misses you.
You puncture the hound skeleton! Your kick misses the hound skeleton.
The hound skeleton is severely damaged.
The bat closely misses you.
You puncture the hound skeleton!
You destroy the hound skeleton!
Trog accepts your kill. The bat hits you but does no damage.
You puncture the bat!
You kill the bat!
Trog accepts your kill.
Found 8 gold pieces.
Things that are here:
a short sword; a leather armour You feel a strong urge to attack something.
Things that are here:
a flail; a scale mail; an orc corpse Are you sure you want to abandon this character and quit the game? (Confirm with "yes".)

#.#.#.#..#####...
#..#.....).......
#.#...#..........
###.##.##.#########
#...8#.##........
#....#.##########
#.8.......
###.###....#.P.P
.......)@.....P.
###.......#.....
#....##.#####.
#.... #.# ......
#.. ....#.. #.#
....#.. .# ..$ ##.
#


There were no monsters in sight!

Vanquished Creatures
  A hound skeleton (D:3)
  A worker ant zombie (D:3)
  3 adders (D:2)
  A worm (D:2)
  A dart slug (D:2)
  3 leopard geckos
  3 orcs (D:3)
  A ball python (D:2)
  3 giant cockroaches (D:2)
  6 goblins
  3 hobgoblins (D:2)
  A ball python zombie (D:3)
  4 bats
  2 frilled lizards (D:2)
  2 kobolds
  4 rats
39 creatures vanquished.

Notes
Turn   | Place    | Note
-------+----------+-------------------------------------------
     0 | D:1      | vishdafish the Demonspawn Berserker began the quest for the Orb.
     0 | D:1      | Reached XP level 1. HP: 18/18 MP: 1/1
   538 | D:1      | Gained mutation: You have large cloven feet. [demonic ancestry]
   538 | D:1      | Reached XP level 2. HP: 24/24 MP: 2/2
  1126 | D:2      | Reached XP level 3. HP: 29/29 MP: 3/3
  1259 | D:2      | Reached ** piety under Trog
  1575 | D:3      | Gained mutation: When seriously injured, your bleeding wounds create armour. (AC +6) [demonic ancestry]
  1575 | D:3      | Reached XP level 4. HP: 35/35 MP: 4/4
  1625 | D:3      | Quit the game

Vault maps used:
D:1:      elethiomel_arrival_fortress_basement
D:3:      kennysheep_slug_shrine, serial_undead, serial_undead_c,
          serial_undead_b, serial_undead_b, serial_undead_a, uniq_terence

Skill      XL: |  1  2 |
---------------+-------+-----
Armour         | 2 |  2.5
Dodging        | 2 |  2.5
Polearms       | 3 |  3.3
Fighting       | |  3.6
Stealth        | |  0.6

Action                   |  1- 3 |  4- 6 || total
-------------------------+-------+-------++-------
Melee: Spear             |   114 |    28 ||   142
       Kick              |    25 |     5 ||    30
Invok: Berserk           |       |     1 ||     1
 Stab: Sleeping          |     1 |       ||     1
       Distracted        |     1 |       ||     1
  Eat: Chunk             |     1 |       ||     1
       Ration            |       |     1 ||     1
Armor: Scale mail        |    23 |    27 ||    50
       Animal skin       |     1 |       ||     1
Dodge: Dodged            |    46 |    40 ||    86

Table legend:
 A = Spawn XP
 B = Non-spawn XP
 C = Spawn XP percentage of total XP
 D = Spawn monster count
 E = Non-spawn monster count
 F = Spawn count percentage of total count
 G = Total turns spent on level
                    A         B        C        D         E        F      G
               +---------+---------+-------+---------+---------+-------+---------
         Total |       0 |     142 |   0.0 |       0 |      39 |   0.0 |  1625
               +---------+---------+-------+---------+---------+-------+---------
           D:1 |       0 |      12 |   0.0 |       0 |       6 |   0.0 |   690
           D:2 |       0 |      83 |   0.0 |       0 |      24 |   0.0 |   855
           D:3 |       0 |      47 |   0.0 |       0 |       9 |   0.0 |    80
               +---------+---------+-------+---------+---------+-------+---------
